 Dungeon Crawl Stone Soup version 0.14-a0-1663-g0b35444 (webtiles) character file.

177 Nicoed the Chiller (level 3, -7/21 HPs)
             Began as a High Elf Ice Elementalist on Dec 29, 2013.
             Mangled by an orc
             ... wielding a +2,+0 orcish trident
              (10 damage)
             ... on Level 2 of the Dungeon.
             The game lasted 00:11:56 (2507 turns).

Nicoed the Chiller (High Elf Ice Elementalist)      Turns: 2507, Time: 00:11:57

HP  -7/21        AC  7     Str  7      XL: 3   Next: 60%
MP   3/10        EV 13     Int 19      God:
Gold 125         SH  0     Dex 16      Spells:  3 memorised,  2 levels left

rFire  . . .     SeeInvis .     (no weapon)
rCold  . . .     Clarity  .     f - +0 orc robe
rNeg   . . .     Conserve .     (no shield)
rPois  .         rCorr    .     (no helmet)
rElec  .         rRot     .     (no cloak)
SustAb . .       Spirit   .     (no gloves)
rMut   .         Warding  .     (no boots)
Saprov . . .     Stasis   .     (no amulet)
                                (no ring)
                                (no ring)

@: icy armour, slightly resistant to hostile enchantments, fairly stealthy
A: no striking features
a: no special abilities


You were on level 2 of the Dungeon.
You were not hungry.

You visited 1 branch of the dungeon, and saw 3 of its levels.

You collected 125 gold pieces.

Inventory:

Armour
 f - a +0 orcish robe (worn)
Comestibles
 l - a meat ration
 m - 2 bread rations
Scrolls
 c - a scroll of remove curse {unknown}
 e - a scroll of magic mapping {unknown}
 h - a scroll of noise {unknown}
 k - a scroll of blinking {unknown}
Potions
 d - a potion of invisibility {unknown}
 g - 2 potions of heal wounds {unknown}
 i - a potion of degeneration {unknown}
 j - a potion of agility {unknown}
Books
 b - a book of Frost

   Spells                             Type                      Level
   *Freeze                            Ice                          1
   *Throw Frost                       Conjuration/Ice              2
   *Ozocubu's Armour                  Charms/Ice                   3
   Throw Icicle                       Conjuration/Ice              4
   Summon Ice Beast                   Ice/Summoning                4
   Condensation Shield                Ice                          4


   Skills:
 + Level 2.5 Dodging
 + Level 2.5 Stealth
 + Level 3.2 Spellcasting
 + Level 1.3 Conjurations
 + Level 3.7 Ice Magic


You had 2 spell levels left.
You knew the following spells:

 Your Spells              Type           Power        Failure   Level  Hunger
a - Freeze                Ice            ###.         3%          1    None
b - Throw Frost           Conj/Ice       ##....       10%         2    ##.....
c - Ozocubu's Armour      Chrm/Ice       ##........   21%         3    ###....


Dungeon Overview and Level Annotations

Branches:
Dungeon (3/16)

Altars:


Message History

The orc hits you but does no damage.
The orc wizard points at you and mumbles some strange words.
The puff of flame hits you! The heat melts your icy armour.
There is a stone staircase leading up here.
You see here a bat corpse.
The orc hits you with an orcish trident.
The orc wizard gestures at you while chanting.
The magic dart hits you!
* * * LOW HITPOINT WARNING * * *
You climb upwards.
You feel less confused.
There is a stone staircase leading down here.
The orc wizard casts a spell at you. The puff of flame misses you.
You open the door. The orc closely misses you.
There is an open door here.
You feel refreshed.
It was a potion of restore abilities.
The orc hits you from afar with an orcish trident!
You die...

....# ##.###...............#
###.####...##.......#.##+##.#
.....#.....##.......#.#...#.#
.....#.#............#.+.>.'.#
.........####.......#.#...#.#
..........# #.......#.##+##.#
..........# #.......#.......#
#####.....# ###....######.###
# #.....# #...@...# #.# #
#.....###.##o##.# #.# #
#......##.#..o#.#####.# #
#.#.#.....'.>.'..%....#
#.#.#..##.#...#.#######
#.#.......##'##.#
#.###...........#
#.....%...#.#####
#####.......#


You could see an orc wizard and an orc.

Vanquished Creatures
  A giant mite (D:2)
  2 giant geckos (D:2)
  2 oozes (D:1)
  An orc (D:3)
  5 bats
  3 giant cockroaches
  A goblin (D:2)
  4 hobgoblins
  3 jackals (D:2)
  A giant newt (D:2)
  6 kobolds
  10 rats
39 creatures vanquished.

Notes
Turn   | Place    | Note
--------------------------------------------------------------
     0 | D:1      | Nicoed, the High Elf Ice Elementalist, began the quest for the Orb.
     0 | D:1      | Reached XP level 1. HP: 11/11 MP: 4/4
   410 | D:1      | Reached XP level 2. HP: 10/17 MP: 0/6
   544 | D:1      | Learned a level 2 spell: Throw Frost
  1440 | D:2      | Reached XP level 3. HP: 6/21 MP: 3/9
  1544 | D:2      | Learned a level 3 spell: Ozocubu's Armour
  2507 | D:2      | Mangled by an orc

Action                   || total
-------------------------++-------
Melee: Unarmed           ||    40
 Cast: Freeze            ||    51
       Throw Frost       ||    17
       Ozocubu's Armour  ||     5
  Use: Potion            ||     1
